| TOP OF THE 1ST |
|
Philadelphia (APP) Phillies batting - Pitching for Danville Braves : RHP Chris Hawkins
|
|
Pitching: RHP Chris Hawkins
|
|
|
Batting: RHB Tony Perez
|
0-0: Called Strike 0-1: Ball 1-1: Ball 2-1: Ball 3-1: Base on Balls
|
|
Batting: RHB Gary Sampson
|
0-0: Ball 1-0: Called Strike 1-1: Foul Ball, location: 2F 1-2: Ball 2-2: Ball 3-2: Foul Ball, location: 2F 3-2: Strikes out swinging Tony Perez is caught stealing 2nd base 2-4 Batter strikes out.
|
|
Batting: LHB Joel Moore
|
0-0: Ball 1-0: Swinging Strike 1-1: Foul Ball, location: 2F 1-2: Ground out 4-3 (Groundball, 34, EV 109.4 MPH)
|
| Top of the 1st over - 0 runs, 0 hits, 0 errors, 0 left on base; Philadelphia (APP) 0 - Danville 0 |
| BOTTOM OF THE 1ST |
|
Danville Braves batting - Pitching for Philadelphia (APP) Phillies : LHP Cesar Andrade
|
|
Pitching: LHP Cesar Andrade
|
|
|
Batting: RHB Josh Hopp
|
0-0: SINGLE (Flyball, 4D, EV 86.9 MPH)
|
|
Batting: RHB Dave Pizarro
|
0-0: Ball Josh Hopp steals 2nd base 1-0: Swinging Strike 1-1: Fly out, F8 (Line Drive, 8LM, EV 92.5 MPH)
|
|
Batting: LHB Tamaichi Sasada
|
0-0: Called Strike Josh Hopp steals 3rd, throwing error, E2 Josh Hopp scores 0-1: Ball 1-1: Fly out, F7 (Flyball, 7, EV 91.9 MPH)
|
|
Batting: LHB Art D'Ascenzo
|
0-0: Ball 1-0: Ball 2-0: Ball 3-0: Foul Ball, location: 2F 3-1: Foul Ball, location: 2F 3-2: SOLO HOME RUN (Flyball, 9D, EV 98.8 MPH), Distance : 340 ft
|
|
Batting: RHB Rafael Reyes
|
0-0: Ball 1-0: Ball 2-0: Foul Ball, location: 2F 2-1: Ball 3-1: Foul Ball, location: 2F 3-2: SINGLE (Flyball, 6MD, EV 89.4 MPH)
|
|
Batting: RHB Nick Holsinger
|
0-0: Ball Rafael Reyes is caught stealing 2nd base 2-4
|
| Bottom of the 1st over - 2 runs, 3 hits, 1 error, 0 left on base; Philadelphia (APP) 0 - Danville 2 |
| TOP OF THE 2ND |
|
Philadelphia (APP) Phillies batting - Pitching for Danville Braves : RHP Chris Hawkins
|
|
Batting: RHB Allen Gravel
|
0-0: Ball 1-0: Ball 2-0: Swinging Strike 2-1: Called Strike 2-2: Foul Ball, location: 2F 2-2: Strikes out looking
|
|
Batting: RHB Danny Habermehl
|
0-0: Called Strike 0-1: Ball 1-1: Called Strike 1-2: Strikes out looking
|
|
Batting: RHB Trent Hedrick
|
0-0: Ground out 6-3 (Groundball, 6, EV 78.8 MPH)
|
| Top of the 2nd over - 0 runs, 0 hits, 0 errors, 0 left on base; Philadelphia (APP) 0 - Danville 2 |
| BOTTOM OF THE 2ND |
|
Danville Braves batting - Pitching for Philadelphia (APP) Phillies : LHP Cesar Andrade
|
|
Batting: RHB Nick Holsinger
|
0-0: Ball 1-0: Ball 2-0: Ball 3-0: Called Strike 3-1: Base on Balls
|
|
Batting: RHB Tony Cabrera
|
0-0: Ball Nick Holsinger is caught stealing 2nd base 2-4 1-0: Ground out 4-3 (Groundball, 34, EV 83.1 MPH)
|
|
Batting: RHB Vicente Guillen
|
0-0: Called Strike 0-1: Ball 1-1: Ball 2-1: Ball 3-1: Base on Balls
|
|
Batting: RHB Rodolfo Cosme
|
0-0: Ball Vicente Guillen steals 2nd base 1-0: Ground out 6-3 (Groundball, 6, EV 93.1 MPH)
|
| Bottom of the 2nd over - 0 runs, 0 hits, 0 errors, 1 left on base; Philadelphia (APP) 0 - Danville 2 |
| TOP OF THE 3RD |
|
Philadelphia (APP) Phillies batting - Pitching for Danville Braves : RHP Chris Hawkins
|
|
Batting: RHB Mike Bell
|
0-0: Ground out 6-3 (Groundball, 6, EV 88.1 MPH)
|
|
Batting: RHB Zach Slot
|
0-0: Foul Ball, location: 2F 0-1: Ball 1-1: Swinging Strike 1-2: Foul Ball, location: 2F 1-2: Strikes out swinging
|
|
Batting: LHB Jesse Haught
|
0-0: Called Strike 0-1: SINGLE (Line Drive, 8LS, EV 99.4 MPH)
|
|
Batting: RHB Tony Perez
|
0-0: Called Strike 0-1: Ball 1-1: Called Strike 1-2: Ball 2-2: Fielders Choice at 2nd, 6-4 (Groundball, 6, EV 110.0 MPH)
|
| Top of the 3rd over - 0 runs, 1 hit, 0 errors, 1 left on base; Philadelphia (APP) 0 - Danville 2 |
| BOTTOM OF THE 3RD |
|
Danville Braves batting - Pitching for Philadelphia (APP) Phillies : LHP Cesar Andrade
|
|
Batting: RHB Josh Hopp
|
0-0: Bunted foul 0-1: Reached on error, E5 (Groundball, 5, EV 86.2 MPH)
|
|
Batting: RHB Dave Pizarro
|
0-0: Ground out 6-3 (Groundball, 6, EV 101.2 MPH)
|
|
Batting: LHB Tamaichi Sasada
|
0-0: Ball 1-0: Fly out, F7 (Flyball, 78D, EV 96.9 MPH)
|
|
Batting: LHB Art D'Ascenzo
|
0-0: Called Strike 0-1: Ground out 4-3 (Groundball, 34, EV 86.9 MPH)
|
| Bottom of the 3rd over - 0 runs, 0 hits, 1 error, 1 left on base; Philadelphia (APP) 0 - Danville 2 |
| TOP OF THE 4TH |
|
Philadelphia (APP) Phillies batting - Pitching for Danville Braves : RHP Chris Hawkins
|
|
Batting: RHB Gary Sampson
|
0-0: Ball 1-0: Ball 2-0: Called Strike 2-1: Ball 3-1: Base on Balls
|
|
Batting: LHB Joel Moore
|
0-0: Ball Gary Sampson is caught stealing 2nd base 2-6 1-0: Ball 2-0: Ball 3-0: Base on Balls
|
|
Batting: RHB Allen Gravel
|
0-0: Fly out, F8 (Flyball, 89D, EV 99.4 MPH)
|
|
Batting: RHB Danny Habermehl
|
0-0: Called Strike 0-1: Ball 1-1: Swinging Strike 1-2: Ball 2-2: Strikes out swinging
|
| Top of the 4th over - 0 runs, 0 hits, 0 errors, 1 left on base; Philadelphia (APP) 0 - Danville 2 |
| BOTTOM OF THE 4TH |
|
Danville Braves batting - Pitching for Philadelphia (APP) Phillies : LHP Cesar Andrade
|
|
Batting: RHB Rafael Reyes
|
0-0: Called Strike 0-1: Ball 1-1: Foul Ball, location: 2F 1-2: Ball 2-2: Ground out 4-3 (Groundball, 4M, EV 78.1 MPH)
|
|
Batting: RHB Nick Holsinger
|
0-0: Ball 1-0: Ball 2-0: Ball 3-0: Called Strike 3-1: Foul Ball, location: 2F 3-2: Foul Ball, location: 2F 3-2: Base on Balls
|
|
Batting: RHB Tony Cabrera
|
0-0: Grounds into double play, 6-4-3 (Groundball, 6, EV 103.8 MPH)
|
| Bottom of the 4th over - 0 runs, 0 hits, 0 errors, 0 left on base; Philadelphia (APP) 0 - Danville 2 |
| TOP OF THE 5TH |
|
Philadelphia (APP) Phillies batting - Pitching for Danville Braves : RHP Chris Hawkins
|
|
Batting: RHB Trent Hedrick
|
0-0: Ball 1-0: Ball 2-0: Called Strike 2-1: Swinging Strike 2-2: SINGLE (Groundball, 25, EV 71.9 MPH) (infield hit)
|
|
Batting: RHB Mike Bell
|
0-0: Ball 1-0: Grounds into double play, 5-4-3 (Groundball, 56, EV 92.5 MPH)
|
|
Batting: RHB Zach Slot
|
0-0: Foul Ball, location: 2F 0-1: Ground out 6-3 (Groundball, 56, EV 89.4 MPH)
|
| Top of the 5th over - 0 runs, 1 hit, 0 errors, 0 left on base; Philadelphia (APP) 0 - Danville 2 |
| BOTTOM OF THE 5TH |
|
Danville Braves batting - Pitching for Philadelphia (APP) Phillies : LHP Cesar Andrade
|
|
Batting: RHB Vicente Guillen
|
0-0: Ball 1-0: Swinging Strike 1-1: Called Strike 1-2: Ball 2-2: Ground out U3 (Groundball, 3S, EV 91.9 MPH)
|
|
Batting: RHB Rodolfo Cosme
|
0-0: Ball 1-0: Fly out, F8 (Flyball, 8LXD, EV 94.4 MPH)
|
|
Batting: RHB Josh Hopp
|
0-0: Foul Ball, location: 2F 0-1: Ground out 3-1 (Groundball, 34S, EV 78.8 MPH)
|
| Bottom of the 5th over - 0 runs, 0 hits, 0 errors, 0 left on base; Philadelphia (APP) 0 - Danville 2 |
| TOP OF THE 6TH |
|
Philadelphia (APP) Phillies batting - Pitching for Danville Braves : RHP Chris Hawkins
|
|
Batting: LHB Jesse Haught
|
0-0: Ball 1-0: Ball 2-0: Called Strike 2-1: Ball 3-1: Base on Balls
|
|
Batting: RHB Tony Perez
|
0-0: Foul Ball, location: 2F 0-1: Called Strike 0-2: Foul Ball, location: 2F 0-2: Strikes out swinging
|
|
Batting: RHB Gary Sampson
|
0-0: Ball 1-0: Ball 2-0: Called Strike 2-1: Ball 3-1: Base on Balls Jesse Haught to second
|
|
Batting: LHB Joel Moore
|
0-0: Called Strike 0-1: Fielders Choice at 2nd, 3-6 (Groundball, 3, EV 97.5 MPH) Jesse Haught to third
|
|
Batting: RHB Allen Gravel
|
0-0: Called Strike 0-1: Reached on error, E6 (Groundball, 6, EV 108.8 MPH) Jesse Haught scores Joel Moore to second
|
|
Batting: RHB Danny Habermehl
|
0-0: Ball 1-0: Called Strike 1-1: Swinging Strike 1-2: Strikes out looking
|
| Top of the 6th over - 1 run, 0 hits, 1 error, 2 left on base; Philadelphia (APP) 1 - Danville 2 |
| BOTTOM OF THE 6TH |
|
Danville Braves batting - Pitching for Philadelphia (APP) Phillies : LHP Cesar Andrade
|
|
Batting: RHB Dave Pizarro
|
0-0: Called Strike 0-1: Swinging Strike 0-2: Ball 1-2: Ball 2-2: Foul Ball, location: 2F 2-2: Ball 3-2: Fly out, F8 (Flyball, 8LD, EV 89.4 MPH)
|
|
Batting: LHB Tamaichi Sasada
|
0-0: SOLO HOME RUN (Flyball, 89XD, EV 102.5 MPH), Distance : 392 ft
|
|
Batting: LHB Art D'Ascenzo
|
0-0: Ball 1-0: Ball 2-0: Called Strike 2-1: Ball 3-1: Base on Balls
|
|
Pitching: RHP Lance Brisson
|
|
|
Batting: RHB Rafael Reyes
|
0-0: Called Strike 0-1: SINGLE (Groundball, 6MD, EV 101.2 MPH) Art D'Ascenzo to second
|
|
Batting: RHB Nick Holsinger
|
0-0: Ball 1-0: 3-RUN HOME RUN (Line Drive, 7D, EV 98.1 MPH), Distance : 369 ft
|
|
Batting: RHB Tony Cabrera
|
0-0: Swinging Strike 0-1: Ball 1-1: DOUBLE (Flyball, 8LD, EV 101.9 MPH)
|
|
Batting: RHB Vicente Guillen
|
0-0: Ball 1-0: Called Strike 1-1: Foul Ball, location: 2F 1-2: Fly out, F5 (Popup, 5F, EV 66.2 MPH)
|
|
Batting: RHB Rodolfo Cosme
|
0-0: Foul Ball, location: 2F 0-1: Foul Ball, location: 2F 0-2: SINGLE (Groundball, 15S, EV 60.6 MPH) (infield hit) Tony Cabrera to third
|
|
Batting: RHB Josh Hopp
|
0-0: Ball 1-0: Called Strike 1-1: Ground out 6-3 (Groundball, 6S, EV 86.2 MPH)
|
| Bottom of the 6th over - 4 runs, 5 hits, 0 errors, 2 left on base; Philadelphia (APP) 1 - Danville 6 |
| TOP OF THE 7TH |
|
Philadelphia (APP) Phillies batting - Pitching for Danville Braves : RHP Chris Hawkins
|
|
Batting: RHB Trent Hedrick
|
0-0: Ball 1-0: Called Strike 1-1: Foul Ball, location: 2F 1-2: Ground out 5-3 (Groundball, 56, EV 106.9 MPH)
|
|
Pitching: RHP Tyler Duffy
|
|
|
Batting: RHB Mike Bell
|
0-0: Called Strike 0-1: Called Strike 0-2: Strikes out swinging
|
|
Batting: RHB Zach Slot
|
0-0: Ball 1-0: Swinging Strike 1-1: Ball 2-1: Foul Ball, location: 2F 2-2: Foul Ball, location: 2F 2-2: Foul Ball, location: 2F 2-2: Foul Ball, location: 2F 2-2: Strikes out swinging
|
| Top of the 7th over - 0 runs, 0 hits, 0 errors, 0 left on base; Philadelphia (APP) 1 - Danville 6 |
| BOTTOM OF THE 7TH |
|
Danville Braves batting - Pitching for Philadelphia (APP) Phillies : RHP Lance Brisson
|
|
Batting: RHB Dave Pizarro
|
0-0: Called Strike 0-1: Ball 1-1: SOLO HOME RUN (Flyball, 7D, EV 96.2 MPH), Distance : 352 ft
|
|
Pitching: RHP Andrew Giles
|
|
|
Batting: LHB Tamaichi Sasada
|
0-0: Ball 1-0: SOLO HOME RUN (Flyball, 89XD, EV 100.6 MPH), Distance : 404 ft
|
|
Batting: LHB Art D'Ascenzo
|
0-0: Ball 1-0: Foul Ball, location: 2F 1-1: Foul Ball, location: 2F 1-2: Fly out, F8 (Flyball, 78M, EV 73.8 MPH)
|
|
Batting: RHB Rafael Reyes
|
0-0: Called Strike 0-1: Called Strike 0-2: Strikes out looking
|
|
Batting: RHB Nick Holsinger
|
0-0: Foul Ball, location: 2F 0-1: Foul Ball, location: 2F 0-2: Ball 1-2: Strikes out swinging
|
| Bottom of the 7th over - 2 runs, 2 hits, 0 errors, 0 left on base; Philadelphia (APP) 1 - Danville 8 |
| TOP OF THE 8TH |
|
Philadelphia (APP) Phillies batting - Pitching for Danville Braves : RHP Tyler Duffy
|
|
Batting: LHB Jesse Haught
|
0-0: SOLO HOME RUN (Flyball, 9D, EV 91.9 MPH), Distance : 348 ft
|
|
Batting: RHB Tony Perez
|
0-0: Fly out, F9 (Flyball, 9S, EV 90.0 MPH)
|
|
Batting: RHB Gary Sampson
|
0-0: Swinging Strike 0-1: Called Strike 0-2: Ball 1-2: Ball 2-2: Strikes out swinging
|
|
Batting: LHB Joel Moore
|
0-0: Ball 1-0: Fly out, F8 (Flyball, 8RXD, EV 99.4 MPH)
|
| Top of the 8th over - 1 run, 1 hit, 0 errors, 0 left on base; Philadelphia (APP) 2 - Danville 8 |
| BOTTOM OF THE 8TH |
|
Danville Braves batting - Pitching for Philadelphia (APP) Phillies : RHP Andrew Giles
|
|
Batting: RHB Tony Cabrera
|
0-0: Ball 1-0: Foul Ball, location: 2F 1-1: Called Strike 1-2: Strikes out swinging
|
|
Batting: RHB Vicente Guillen
|
0-0: Swinging Strike 0-1: Ball 1-1: Called Strike 1-2: SINGLE (Flyball, 6D, EV 90.0 MPH)
|
|
Batting: RHB Rodolfo Cosme
|
0-0: Ball 1-0: Ball 2-0: Called Strike 2-1: Ball 3-1: Fielders Choice at 2nd, 5-4 (Groundball, 56S, EV 89.4 MPH)
|
|
Now at 2B: Tony Perez
|
|
|
Now at 3B: Guan-pei Gao
|
|
|
Now in CF: Mike Bell
|
|
|
Batting: RHB Josh Hopp
|
0-0: Ball 1-0: Foul Ball, location: 2F 1-1: Ball 2-1: Foul Ball, location: 2F 2-2: Fielders Choice at 2nd, U4 (Groundball, 4M, EV 98.1 MPH)
|
| Bottom of the 8th over - 0 runs, 1 hit, 0 errors, 1 left on base; Philadelphia (APP) 2 - Danville 8 |
| TOP OF THE 9TH |
|
Philadelphia (APP) Phillies batting - Pitching for Danville Braves : RHP Tyler Duffy
|
|
Batting: RHB Guan-pei Gao
|
0-0: Called Strike 0-1: Called Strike 0-2: Ball 1-2: Ball 2-2: Strikes out swinging
|
|
Batting: RHB Danny Habermehl
|
0-0: Ball 1-0: Ball 2-0: Swinging Strike 2-1: Foul Ball, location: 2F 2-2: Foul Ball, location: 2F 2-2: DOUBLE (Groundball, 5L, EV 105.6 MPH)
|
|
Batting: RHB Trent Hedrick
|
0-0: Foul Ball, location: 2F 0-1: Ball 1-1: Fly out, F9 (Line Drive, 9, EV 87.5 MPH)
|
|
Batting: RHB Mike Bell
|
0-0: Called Strike 0-1: Ball 1-1: Called Strike 1-2: Strikes out swinging
|
| Top of the 9th over - 0 runs, 1 hit, 0 errors, 1 left on base; Philadelphia (APP) 2 - Danville 8 |
|